AoeStats
← schmidmaseb

Black Forest

510730715Analyzed
4v4 RM · 1d ago on Oct 2, 2026· 45m 47s· 8 players
Game mode
Random Map
Map size
Large (8 player)
Population
200
Speed
Normal
Resources
Standard
Victory
Conquest
Starting age
Dark Age
Ending age
Imperial Age
RankedLock teamsTeams togetherTeam positionsShared explorationLock speedFull tech treeHidden civsTurbo modeCheats
Victory
Defeat
🇨🇳 Japanese · China
1199
+15
🇨🇳 Koreans · China
1171
+16
🇩🇪 Khmer · Germany
1134
+17
1121
+18
🇲🇽 Magyars · Mexico
1219
-18
1200
-18
🇳🇱 Burgundians · Netherlands
1160
-16
🇳🇱 Turks · Netherlands
1096
-14
HPP
1:45 Loom
13:26 Feudal Age
18:57 Castle Age
17:26 Double-Bit Axe
17:28 Horse Collar
36:43 Imperial Age
34:50 Wheelbarrow
34:17 Stone Mining
34:33 Fletching
35:09 Ballistics
35:33 Town Watch
36:25 Bow Saw
36:09 Gold Mining
36:28 Heavy Plow
37:25 Coinage
37:17 Eupseong
37:40 Bodkin Arrow
38:26 Arrowslits
38:54 Masonry
39:46 Hand Cart
39:54 Bracer
42:41 Chemistry
41:38 Murder Holes
42:15 Architecture
43:56 Stone Shaft Mining
43:56 Gold Shaft Mining
44:27 Two-Man Saw
44:47 Banking
schmidmaseb
5:02 Loom
11:34 Feudal Age
14:40 Castle Age
12:33 Double-Bit Axe
12:31 Horse Collar
15:51 Bow Saw
15:45 Heavy Plow
20:12 Wheelbarrow
19:28 Town Watch
20:26 Gold Mining
23:05 Hand Cart
22:48 Stone Mining
23:34 Gold Shaft Mining
24:09 Caravan
26:26 Husbandry
29:44 Imperial Age
27:39 Husbandry
28:18 Scale Barding Armor
28:52 Bloodlines
31:39 Forging
32:05 Chain Barding Armor
32:55 Elite Battle Elephant
36:44 Plate Barding Armor
36:48 Iron Casting
39:05 Blast Furnace
38:49 Crop Rotation
39:52 Tusk Swords
41:15 Devotion
41:27 Devotion
43:03 Conscription
43:57 Faith
noob but hard practice
4:49 Loom
12:29 Feudal Age
16:43 Castle Age
15:22 Double-Bit Axe
15:22 Fishing Lines
16:12 Horse Collar
17:41 Gillnets
22:39 Wheelbarrow
24:56 Hand Cart
25:15 Heavy Plow
25:18 Gold Mining
26:06 Bow Saw
27:42 Gold Shaft Mining
26:58 Stone Mining
30:36 Imperial Age
29:03 Scale Barding Armor
29:09 Forging
30:42 Chain Barding Armor
30:29 Husbandry
30:40 Bloodlines
31:10 Iron Casting
31:15 Conscription
30:46 Elite War Elephant
32:12 Plate Barding Armor
31:58 Caravan
33:55 Hoardings
34:47 Blast Furnace
33:55 Town Watch
35:47 Two-Man Saw
36:34 Stone Shaft Mining
35:52 Fletching
36:03 Padded Archer Armor
36:21 Citadels
EU _XING
0:41 Loom
16:59 Feudal Age
19:04 Wheelbarrow
18:30 Gold Mining
19:08 Town Watch
21:33 Castle Age
19:27 Double-Bit Axe
19:38 Stone Mining
20:03 Town Watch
20:16 Horse Collar
24:23 Bow Saw
24:29 Heavy Plow
26:25 Treadmill Crane
26:55 Masonry
27:30 Hand Cart
27:59 Masonry
28:27 Murder Holes
28:29 Fletching
30:07 Ballistics
29:47 Bodkin Arrow
30:52 Gold Shaft Mining
32:40 Forging
37:26 Imperial Age
35:45 Scale Mail Armor
35:55 Forging
35:46 Scale Mail Armor
36:04 Pikeman
37:01 Chain Mail Armor
38:52 Iron Casting
38:48 Plate Mail Armor
38:06 Halberdier
40:49 Chemistry
41:15 Conscription
41:14 Squires
41:00 Arson
42:04 Yasama
43:23 Blast Furnace
42:23 Bracer
42:23 Padded Archer Armor
42:24 Bracer
42:24 Padded Archer Armor
43:54 Two-Man Saw
43:39 Gambesons
43:14 Man-at-Arms
44:32 Conscription
44:35 Kataparuto
44:24 Elite Skirmisher
b² - 4ac
12:24 Feudal Age
16:47 Castle Age
15:34 Double-Bit Axe
19:03 Bow Saw
21:56 Fishing Lines
23:24 Gillnets
26:54 Gold Mining
26:42 Man-at-Arms
28:13 Wheelbarrow
28:24 Loom
29:24 Hand Cart
31:42 Imperial Age
29:11 Long Swordsman
31:27 Gold Shaft Mining
30:49 Arson
31:11 Scale Mail Armor
31:45 Capped Ram
31:57 Two-Handed Swordsman
32:45 Champion
34:21 Chain Mail Armor
33:49 Pikeman
34:33 Halberdier
36:53 Conscription
36:39 Corvinian Army
43:01 Heavy Scorpion
KingHeeze
10:02 Double-Bit Axe
9:59 Horse Collar
10:56 Loom
12:43 Feudal Age
14:25 Wheelbarrow
15:24 Bow Saw
15:16 Heavy Plow
20:10 Gold Mining
29:58 Castle Age
28:53 Scale Barding Armor
28:59 Forging
30:49 Gold Shaft Mining
30:21 Cavalier
31:04 Husbandry
31:29 Chain Barding Armor
31:45 Iron Casting
33:58 Fervor
39:19 Coinage
47:51 Imperial Age
Pte. psiquiatrico en pañales
1:22 Loom
13:59 Feudal Age
14:26 Double-Bit Axe
16:34 Forging
20:33 Scale Barding Armor
25:18 Castle Age
27:14 Wheelbarrow
26:50 Bow Saw
29:48 Hand Cart
30:19 Fletching
34:00 Imperial Age
32:01 Bodkin Arrow
33:08 Padded Archer Armor
35:27 Masonry
36:59 Conscription
36:54 Bracer
38:59 Chemistry
dirkwijers
2:00 Loom
15:45 Feudal Age
19:31 Castle Age
17:43 Double-Bit Axe
24:17 Imperial Age
22:48 Horse Collar
37:41 Bombard Tower
41:50 Murder Holes
Connection lost

Rejoining the realm…

Still unreachable

The connection could not be restored.

Session expired

The server has moved on; the page needs a fresh start.